 Dungeon Crawl Stone Soup version 0.21-a0-519-gb765982 (webtiles) character file.

126 slep the Chopper (level 4, -5/38 HPs)
             Began as a Minotaur Gladiator on Dec 5, 2017.
             Slain by aubilenon's ghost (12 damage)
             ... on level 3 of the Dungeon.
             The game lasted 00:06:08 (1779 turns).

slep the Chopper (Minotaur Gladiator)               Turns: 1779, Time: 00:06:08

Health: -5/38      AC:  5    Str: 18    XL:     4   Next: 83%
Magic:  3/3        EV: 12    Int:  5    God:
Gold:   123        SH:  0    Dex: 13    Spells: 3/3 levels left

rFire    . . .     SeeInvis .   a - +0 war axe
rCold    . . .     Gourm    .   (no shield)
rNeg     . . .     Faith    .   m - +0 ring mail
rPois    .         Spirit   .   c - +0 hat
rElec    .         Reflect  .   (no cloak)
rCorr    .         Harm     .   (no gloves)
MR       .....                  (no boots)
Stlth    +.........             (no amulet)
HPRegen  0.12/turn              (no ring)
MPRegen  0.08/turn              (no ring)

@: no status effects
A: retaliatory headbutt, horns 2
a: no special abilities


You were on level 3 of the Dungeon.
You were hungry.

You visited 1 branch of the dungeon, and saw 3 of its levels.

You collected 123 gold pieces.

Inventory:

Hand Weapons
 a - a +0 war axe (weapon)
Missiles
 d - 2 throwing nets (quivered)
Armour
 b - a +0 leather armour
 c - a +0 hat (worn)
 m - a +0 ring mail (worn)
Scrolls
 e - 2 scrolls of identify {unknown}
 i - a scroll of random uselessness {unknown}
 k - a scroll of blinking {unknown}
 l - a scroll of fog {unknown}
 n - a scroll of enchant weapon {unknown}
 p - 3 scrolls of teleportation {unknown}
 q - a scroll of magic mapping {unknown}
 t - a scroll of remove curse {unknown}
Potions
 j - 2 potions of heal wounds {unknown}
 o - a potion of mutation {unknown}
 r - a potion of magic {unknown}
 s - a potion of flight {unknown}
Comestibles
 f - 4 bread rations
 g - 2 meat rations
 h - 5 fruits


   Skills:
 + Level 3.3 Fighting
 + Level 4.8 Axes
 + Level 2.2 Throwing
 + Level 2.7 Armour
 + Level 3.8 Dodging
 + Level 0.2 Stealth


You had 3 spell levels left.
You didn't know any spells.

Dungeon Overview and Level Annotations

Branches:
Dungeon (3/15)

Altars:
Wu Jian
Yredelemnul

Annotations:
D:3 aubilenon's ghost, amateur GrFi


Innate Abilities, Weirdness & Mutations

You reflexively headbutt those who attack you in melee.
You have a pair of horns on your head.


Message History

Aubilenon's ghost closely misses you. You furiously retaliate!
You headbutt aubilenon's ghost. Aubilenon's ghost hits you!
You hit aubilenon's ghost.
Aubilenon's ghost is heavily damaged.
Aubilenon's ghost misses you.
You barely miss aubilenon's ghost.
Aubilenon's ghost is heavily damaged.
Aubilenon's ghost hits you.
You barely miss aubilenon's ghost.
Aubilenon's ghost is heavily damaged.
Aubilenon's ghost hits you!
You hit aubilenon's ghost.
Aubilenon's ghost is heavily damaged.
Aubilenon's ghost barely misses you. You furiously retaliate!
You headbutt aubilenon's ghost. Aubilenon's ghost hits you!
* * * LOW HITPOINT WARNING * * *
You hit aubilenon's ghost. Your headbutt misses aubilenon's ghost.
Aubilenon's ghost is severely damaged.
Aubilenon's ghost hits you!
You die...

#.##...## #.######
#^.....# #....#
#####.#### ####.#
#...#.# #.#
##.#.#.# #.#
#<.#...# #.#
#################.#
..........#
.$.....@###
......W.# .......##
....... .......
....... #######


You could see aubilenon's ghost.

Vanquished Creatures
  Natasha (D:2)
  Robin (D:2)
  An adder (D:2)
  An ooze (D:2)
  A worm (D:2)
  A dart slug (D:2)
  A leopard gecko (D:2)
  5 bats
  4 giant cockroaches
  17 goblins
  9 hobgoblins
  4 jackals (D:1)
  A quokka (D:2)
  3 frilled lizards
  9 kobolds
  6 rats
65 creatures vanquished.

Notes
Turn   | Place    | Note
-------+----------+-------------------------------------------
     0 | D:1      | slep the Minotaur Gladiator began the quest for the Orb.
     0 | D:1      | Reached XP level 1. HP: 18/18 MP: 0/0
   115 | D:1      | Reached XP level 2. HP: 15/25 MP: 1/1
   203 | D:1      | Reached skill level 4 in Axes
   570 | D:1      | Reached skill level 1 in Armour
   631 | D:2      | Reached XP level 3. HP: 27/30 MP: 2/2
   746 | D:2      | Found an ornate altar of the Wu Jian Council.
   854 | D:2      | Noticed Robin
   866 | D:2      | Reached XP level 4. HP: 11/38 MP: 3/3
   873 | D:2      | HP: 1/38 [goblin[Robin] (1)]
   881 | D:2      | Killed Robin
  1201 | D:2      | Found a basalt altar of Yredelemnul.
  1250 | D:2      | Noticed Natasha
  1257 | D:2      | Killed Natasha
  1768 | D:3      | Noticed aubilenon's ghost (amateur GrFi)
  1779 | D:3      | Slain by aubilenon's ghost

Vault maps used:
D:1:      dpeg_arrival_three_smaller_balls
D:2:      lemuel_round_altar, lemuel_doored_altar, first_bread,
          serial_bayou_crossing, uniq_robin, uniq_natasha
D:3:      cheibrodos_ashenzari_chains, minmay_misc_feat_doors,
          minmay_door_square, trog_three_pillars_becter

Skill      XL: |  1  2  3  4 |
---------------+-------------+-----
Axes           | 4 |  4.8
Armour         | 1 2 |  2.7
Fighting       | 3 |  3.3
Throwing       | |  2.2
Dodging        | |  3.8
Stealth        | |  0.2

Action                   |  1- 3 |  4- 6 || total
-------------------------+-------+-------++-------
Melee: War axe           |    86 |    36 ||   122
       Headbutt          |     8 |     4 ||    12
Throw: Throwing net      |       |     1 ||     1
  Eat: Chunk             |       |     2 ||     2
Armor: Leather armour    |    10 |       ||    10
       Ring mail         |    10 |     3 ||    13
Dodge: Dodged            |    76 |    23 ||    99

Table legend:
 A = Spawn XP
 B = Non-spawn XP
 C = Spawn XP percentage of total XP
 D = Spawn monster count
 E = Non-spawn monster count
 F = Spawn count percentage of total count
 G = Total turns spent on level
                    A         B        C        D         E        F      G
               +---------+---------+-------+---------+---------+-------+---------
         Total |       0 |     180 |   0.0 |       0 |      65 |   0.0 |  1779
               +---------+---------+-------+---------+---------+-------+---------
           D:1 |       0 |      40 |   0.0 |       0 |      24 |   0.0 |   627
           D:2 |       0 |     139 |   0.0 |       0 |      40 |   0.0 |  1116
           D:3 |       0 |       1 |   0.0 |       0 |       1 |   0.0 |    36
               +---------+---------+-------+---------+---------+-------+---------
